 Dungeon Crawl Stone Soup version 0.25-a0-890-g62861fb (webtiles) character file.

Game seed: 11904998407823549710, levelgen mode: deterministic

321 BlueFish the Insei (level 6, 0/39 HPs)
             Began as an Octopode Transmuter on May 3, 2020.
             Slain by an orc wizard
             ... wielding a +0 dagger
              (1 damage)
             ... on level 4 of the Dungeon.
             The game lasted 00:10:23 (3279 turns).

BlueFish the Insei (Octopode Transmuter)            Turns: 3279, Time: 00:10:23

Health: 0/39       AC:  1    Str: 11    XL:     6   Next: 46%
Magic:  10/10      EV: 14    Int: 15    God:
Gold:   100        SH:  0    Dex: 13    Spells: 4/10 levels left

rFire    . . .     SeeInvis .     - Unarmed
rCold    . . .     Gourm    .   (no shield)
rNeg     . . .     Faith    .   (helmet restricted)
rPois    .         Spirit   .   (no amulet)
rElec    .         Reflect  .   (no ring)
rCorr    .         Harm     .   (no ring)
MR       .....                  (no ring)
Stlth    +++.......             (no ring)
HPRegen  0.13/turn              (no ring)
MPRegen  0.12/turn              (no ring)
                                (no ring)
                                (no ring)

@: appendage (expiring)
A: almost no armour, stealthy swim, amphibious, 8 rings, constrict 8, tentacle
spike 3, camouflage 1, gelatinous body 1
a: End Transformation


You were on level 4 of the Dungeon.
You were not hungry.
One of your tentacles had a temporary spike.
You visited 1 branch of the dungeon, and saw 4 of its levels.

You collected 100 gold pieces.

Inventory:

Missiles
 a - 16 arrows
Potions
 b - a potion of mutation {unknown}
 e - a potion of curing {unknown}
 f - 2 potions of might
 g - a potion of brilliance {unknown}
 h - a potion of resistance {unknown}
 j - a potion of cancellation {unknown}
Comestibles
 c - 4 rations
 d - 2 chunks of flesh


   Skills:
 * Level 2.2 Fighting
 * Level 2.8 Dodging
 * Level 3.1 Stealth
 * Level 4.5 Unarmed Combat
 + Level 2.8 Spellcasting
 * Level 3.1 Transmutations
 * Level 1.1 Poison Magic


You had 4 spell levels left.
You knew the following spells:

 Your Spells              Type           Power        Failure   Level  Hunger
a - Beastly Appendage     Tmut           ##....       5%          1    #......
b - Sticks to Snakes      Tmut           ##......     9%          2    ##.....
c - Spider Form           Tmut/Pois      #.........   26%         3    ###....

Your spell library contained the following spells:

 Spells                   Type           Power        Failure   Level  Hunger
 Ice Form                 Ice/Tmut       #.......     71%         4    #####..
 Blade Hands              Tmut           ##........   83%         5    ######.


Dungeon Overview and Level Annotations

Branches:
Dungeon (4/15)
 Temple: D:4-7

Altars:
Ashenzari
Dithmenos
Elyvilon
Hepliaklqana
Vehumet

Annotations:
D:4 1 runed translucent door, iamoutofideas's ghost, amateur GnSk


Innate Abilities, Weirdness & Mutations

You cannot wear most types of armour.
You are very stealthy in the water. (Stealth+)
You are amphibious.
You can wear up to eight rings at the same time.
You can use your tentacles to constrict eight enemies at once.
Your skin changes colour to match your surroundings (Stealth+).
Your rubbery body absorbs attacks. (AC +1, EV +1)
One of your tentacles bears a large vicious spike.


Message History

The orc wizard hits you with a +0 dagger.
* * * LOW HITPOINT WARNING * * *
The orc hits you.
* * * LOW HITPOINT WARNING * * *
Okay, then.
You aren't carrying any scrolls.
You tentacle-slap the orc wizard. Your grab misses the orc wizard.
The orc wizard is heavily wounded.
You constrict the orc.
You kill the orc!
A hound comes into view.
The orc wizard barely misses you.
You closely miss the orc wizard.
The hound barks!
Your grab misses the orc wizard.
The orc wizard is heavily wounded.
The orc hits you.
* * * LOW HITPOINT WARNING * * *
The orc wizard hits you with a +0 dagger.
You die...

#### #.≈### # #....# ###
#. #....# ###.## .
#..#### ###..###.....
.h#..#..####.##'##......
#........#.............
.##...)...............(.
......o@......#....#....
..#...o...#####....##...
#...#....##...........
##........###.........
.....................#
#.............).......#
##....................+
...##....[...........#
.##...........#


You could see a hound, an orc wizard and an orc.

Vanquished Creatures
  Sigmund (D:3)
  A centaur skeleton (D:2)
  A worker ant (D:4)
  Robin (D:3)
  4 gnolls
  An adder (D:2)
  2 oozes
  2 worms (D:2)
  A dart slug (D:2)
  3 leopard geckos
  5 orcs
  5 giant cockroaches
  12 goblins
  17 hobgoblins
  3 jackals (D:1)
  A quokka (D:2)
  5 bats
  5 frilled lizards
  5 kobolds
  7 rats
82 creatures vanquished.

Vanquished Creatures (collateral kills)
  3 hobgoblins (D:4)
3 creatures vanquished.

Vanquished Creatures (others)
  An orc (D:3)
  A withered plant (D:4)
2 creatures vanquished.

Grand Total: 87 creatures vanquished

Notes
Turn   | Place    | Note
-------+----------+-------------------------------------------
     0 | D:1      | BlueFish the Octopode Transmuter began the quest for the
                  | Orb.
     0 | D:1      | Reached XP level 1. HP: 13/13 MP: 3/3
   177 | D:1      | Reached XP level 2. HP: 15/18 MP: 5/5
   381 | D:1      | Reached XP level 3. HP: 23/23 MP: 4/6
   488 | D:1      | Reached skill level 1 in Stealth
  1181 | D:2      | Reached XP level 4. HP: 24/28 MP: 5/7
  1657 | D:2      | Reached skill level 4 in Unarmed Combat
  1725 | D:2      | Found a hazy altar of Hepliaklqana.
  1726 | D:2      | Found a shadowy altar of Dithmenos.
  1726 | D:2      | Noticed a shadow
  1789 | D:3      | Found a white marble altar of Elyvilon.
  1807 | D:3      | Found a radiant altar of Vehumet.
  1867 | D:3      | Learned a level 2 spell: Sticks to Snakes
  1875 | D:3      | Reached XP level 5. HP: 15/34 MP: 8/8
  1884 | D:3      | Learned a level 3 spell: Spider Form
  2023 | D:3      | Noticed Sigmund
  2160 | D:3      | Noticed Robin
  2184 | D:3      | Killed Robin
  2283 | D:3      | Found a shattered altar of Ashenzari.
  2604 | D:3      | Killed Sigmund
  2604 | D:3      | Reached skill level 1 in Poison Magic
  2604 | D:3      | Reached XP level 6. HP: 32/39 MP: 2/10
  3070 | D:4      | Found a runed translucent door.
  3070 | D:4      | Noticed iamoutofideas's ghost (amateur GnSk)
  3279 | D:4      | HP: 1/39 [orc (4)]
  3279 | D:4      | Slain by an orc wizard

Levels and vault maps discovered:
D:1:      wander_arrival_chamber, layout_basic
D:2:      layout_basic, riverfiend_overflow_shadow_ancestor, first_ration
D:3:      layout_rooms, old_standard_altar, evilmike_ruin_ashenzari,
          elyvilon_altar_1, uniq_sigmund, uniq_robin
D:4:      layout_cave_pools, okawaru_ov_weapons_minmay, gammafunk_ghost_grave,
          kennysheep_nondescript, sigmund_army

Skill      XL: |  1  2  3  4  5  6 |
---------------+-------------------+-----
Stealth        | 1 2 3 |  3.1
Unarmed Combat | 4 |  4.5
Fighting       | 2 |  2.2
Transmutations | 3 |  3.1
Poison Magic   | 1 |  1.1
Dodging        | |  2.8
Spellcasting   | |  2.8

Action                   |  1- 3 |  4- 6 || total
-------------------------+-------+-------++-------
Melee: Unarmed           |    63 |   110 ||   173
       Constrict         |    18 |    31 ||    49
       Tentacles         |    13 |    19 ||    32
       Kick              |    11 |    28 ||    39
       Punch             |     1 |     3 ||     4
 Cast: Beastly Appendage |    19 |    25 ||    44
       Sticks to Snakes  |       |    11 ||    11
  Use: Scroll            |     3 |     2 ||     5
 Stab: Sleeping          |     3 |     7 ||    10
  Eat: Chunk             |     1 |     8 ||     9
Armor: Skin              |     4 |     4 ||     8
Dodge: Dodged            |    28 |    54 ||    82

Table legend:
 A = Non-vault XP
 B = Vault XP
 C = Vault XP percentage of total XP
 D = Non-vault monster count
 E = Vault monster count
 F = Vault count percentage of total count
                 A         B        C        D         E       F
            +---------+---------+-------+---------+---------+-------
      Total |     266 |     193 |  42.0 |      68 |      18 |  20.9
            +---------+---------+-------+---------+---------+-------
        D:1 |      57 |       0 |   0.0 |      24 |       0 |   0.0
        D:2 |     100 |       0 |   0.0 |      23 |       0 |   0.0
        D:3 |      73 |     184 |  71.6 |      19 |      12 |  38.7
        D:4 |      36 |       9 |  20.0 |       2 |       6 |  75.0
            +---------+---------+-------+---------+---------+-------
